 Dungeon Crawl Stone Soup version 0.30-a0-591-g3c58d2bc28 (webtiles) character file.

Game seed: 7247892054134815064

2749 Dirtsage the Transmogrifier (level 9, -3/67 HPs)
             Began as an Octopode Transmuter on Jan 4, 2023.
             Was a Follower of the Shining One.
             Slain by an orange demon (10 damage)
             ... led by Amaemon
             ... on level 8 of the Dungeon.
             The game lasted 00:20:34 (7704 turns).

Dirtsage the Transmogrifier (Octopode Transmuter)   Turns: 7704, Time: 00:20:35

Health: -3/67      AC:  8    Str:  9    XL:     9   Next: 68%
Magic:  0/12       EV: 10    Int: 20    God:    the Shining One [*.....]
Gold:   467        SH:  7    Dex: 12    Spells: 2/12 levels left

rFire   x . .      SeeInvis .      - Unarmed
rCold   + + +      Faith    .    (shield currently unavailable)
rNeg    . . .      Spirit   +    (helmet currently unavailable)
rPois   +          Reflect  .    p - amulet of guardian spirit
rElec   .          Harm     .    (no ring)
rCorr   .          Rampage  .    (no ring)
Will    .....                    (no ring)
Stlth   +                        (no ring)
HPRegen 0.31/turn                (no ring)
MPRegen 0.13/turn                (no ring)
                                 (no ring)
                                 (no ring)

@: divinely shielded, ice-form, weakened, glowing
A: freezing attack, boosted hp, almost no armour, amphibious, 8 rings, large,
(camouflage 1), (gelatinous body 1), (nimble swimmer 1), (tentacles)
a: End Transformation, Renounce Religion, Divine Shield


You were on level 8 of the Dungeon.
You worshipped the Shining One.
The Shining One was aware of your devotion.
You were a creature of crystalline ice.
You visited 2 branches of the dungeon, and saw 9 of its levels.
You also visited: Sewer.

You collected 467 gold pieces.

Inventory:

Missiles
 n - a throwing net
 D - 2 curare-tipped darts
Armour
 g - a +0 hat (melded)
Jewellery
 p - an amulet of guardian spirit (around neck)
 B - an amulet of faith
 I - a ring of protection from cold
Wands
 C - a wand of light (6)
Scrolls
 b - a scroll of torment {unknown}
 c - 5 scrolls of teleportation {unknown}
 e - 2 scrolls of magic mapping {unknown}
 j - a scroll of enchant weapon
 k - a scroll of vulnerability {unknown}
 m - a scroll of silence
 o - a scroll of fog
 r - a scroll of immolation {unknown}
 s - 3 scrolls of amnesia {unknown}
 u - a scroll of blinking {unknown}
 y - a scroll of poison {unknown}
Potions
 a - a potion of lignification
 d - 2 potions of might
 f - 2 potions of mutation
 h - a potion of haste
 l - 4 potions of heal wounds
 q - a potion of curing
 t - 2 potions of berserk rage
 v - a potion of cancellation
 w - 3 potions of attraction
 x - a potion of flight {unknown}
 z - a potion of ambrosia {unknown}
 A - 2 potions of brilliance


   Skills:
 + Level 3.1 Fighting
 + Level 3.7 Dodging
 + Level 4.4 Unarmed Combat
 - Level 2.0 Spellcasting
 + Level 2.9 Translocations
 - Level 8.0 Transmutations
 * Level 7.8 Ice Magic
 + Level 1.7 Invocations


You had 2 spell levels left.
You knew the following spells:

 Your Spells              Type           Power      Damage    Failure   Level
a - Beastly Appendage     Tmut           68%        N/A       1%          1
b - Wereblood             Tmut           34%        N/A       1%          2
c - Ice Form              Ice/Tmut       33%        N/A       6%          4
d - Lesser Beckoning      Tloc           26%        N/A       14%         3

Your spell library contained the following spells:

 Spells                   Type           Power      Damage    Failure   Level
 Spider Form              Tmut/Pois      18%        N/A       9%          3
 Gell's Gravitas          Tloc           13%        N/A       14%         3
 Teleport Other           Tloc           13%        N/A       14%         3


Dungeon Overview and Level Annotations

Branches:
Dungeon (8/15)             Temple (1/1) D:4           Sewer (visited)
   Lair: D:8-11

Altars:
Ashenzari
Cheibriados
Dithmenos
Elyvilon
Gozag
Kikubaaqudgha
Makhleb
Nemelex Xobeh
Okawaru
Qazlal
Ru
Trog
Uskayaw
Vehumet
Wu Jian
Xom
Yredelemnul
Zin
The Shining One

Annotations:
D:7 2 transporters, Sapher's ghost, novice DEEE


Innate Abilities, Weirdness & Mutations

You are a creature of crystalline ice.
You have a powerful freezing melee attack.
Your maximum health is increased.
Your armour is entirely melded.
You are incapable of wielding weapons or throwing items.
You cannot wear most types of armour.
You are amphibious.
You can wear up to eight rings at the same time.
((Your skin changes colour to match your surroundings (Stealth+).))
((Your rubbery body absorbs attacks. (AC +1, EV +1)))
((You are camouflaged when in or above water. (Stealth+)))
((You have tentacles for arms and can constrict up to eight enemies at once.))


Message History

You hit the orange demon. You freeze the orange demon.
The orange demon is moderately wounded.
The orange demon stings you.
You are poisoned.
The orange demon poisons you!
The orange demon hits you but does no damage.
You take 1 damage, and have 25/67 hp.
You now have 2/12 mp.
You hit the orange demon. You freeze the orange demon.
The orange demon is heavily wounded.
* * * LOW HITPOINT WARNING * * *
You feel very sick.
You take 5 damage, and have 20/67 hp.
You feel better.
The orange demon stings you but does no damage.
The orange demon hits you. The shadow imp gestures at you.
Pain shoots through your body!
* * * LOW HITPOINT WARNING * * *
You take 7 damage, and have 13/67 hp.
You now have 1/12 mp.
You hit the orange demon but do no damage.
The orange demon is heavily wounded.
The orange demon closely misses you. The orange demon barely misses you.
The shadow imp hits you but does no damage.
You punch the orange demon! You freeze the orange demon.
The orange demon is heavily wounded.
The orange demon misses you. The orange demon hits you.
* * * LOW HITPOINT WARNING * * *
You feel your attacks grow feeble. The shadow imp closely misses you.
You take 4 damage, and have 10/67 hp.
You hit the orange demon. You freeze the orange demon.
The orange demon is severely wounded.
The orange demon stings you.
* * * LOW HITPOINT WARNING * * *
You block the orange demon's attack. The shadow imp misses you.
You take 3 damage, and have 7/67 hp.
You hit the orange demon but do no damage.
The orange demon is severely wounded.
The shadow imp barely misses you. The orange demon stings you!
You die...

....... #####....###
.........+ ..#.+.......
.........####.#.#.....#
...>.....+..#.#.#.<...#
.........+#...#.#)....#
.............<.?..#...#
..................#...#
#........>.....#...#
#..4Y..........#..)#
#...5.....^....#(..#
#..............#...#
#..............#
#........./....#
#....!.........#
#..............#
#....._........#


You could see an orange demon and a shadow imp.

Vanquished Creatures
  Amaemon (D:8)
  A steam dragon (D:7)
  A water moccasin (D:7)
  A sky beast (D:7)
  Pargi (Sewer)
  An ice beast (D:7)
  A black bear (D:6)
  A centaur (D:7)
  2 ogres
  A phantom (D:6)
  2 kobold brigands (D:7)
  3 scorpions (D:6)
  A necrophage (D:7)
  4 wights (D:6)
  2 howler monkeys
  2 hounds
  An orc priest (D:5)
  A gnoll bouda (D:6)
  3 iguanas
  2 orc wizards
  Natasha (thrice) (D:3)
  Robin (D:2)
  10 gnolls
  7 adders
  A white imp (D:5)
  2 dart slugs (D:1)
  5 orcs
  11 ball pythons
  10 endoplasms
  8 giant cockroaches
  13 goblins
  9 hobgoblins
  7 jackals
  22 kobolds
  9 quokkas
  5 bats
  4 frilled lizards
  8 rats
167 creatures vanquished.

Notes
Turn   | Place    | Note
-------+----------+-------------------------------------------
     0 | D:1      | Dirtsage the Octopode Transmuter began the quest for the
                  | Orb.
     0 | D:1      | Reached XP level 1. HP: 13/13 MP: 3/3
   135 | D:1      | Reached skill level 1 in Ice Magic
   135 | D:1      | Reached XP level 2. HP: 2/18 MP: 1/5
   213 | D:1      | Learned a level 2 spell: Wereblood
   401 | D:1      | Reached XP level 3. HP: 22/23 MP: 2/6
   788 | D:2      | Reached skill level 3 in Transmutations
   880 | D:2      | Reached XP level 4. HP: 22/28 MP: 5/7
   939 | D:2      | Learned a level 4 spell: Ice Form
  1151 | D:3      | Reached XP level 5. HP: 28/33 MP: 8/8
  1291 | D:3      | Noticed Natasha
  1296 | D:3      | Found a faded altar of an unknown god.
  1310 | D:3      | Killed Natasha
  1311 | D:3      | Reached skill level 4 in Transmutations
  1530 | D:3      | Found a glowing drain.
  1537 | Sewer    | Entered a sewer
  1632 | Sewer    | Noticed Pargi
  1697 | Sewer    | Killed Pargi
  1698 | Sewer    | Reached XP level 6. HP: 38/38 MP: 5/9
  1863 | D:2      | Noticed Robin
  2138 | D:2      | Killed Robin
  2613 | D:2      | Reached skill level 5 in Transmutations
  2959 | D:3      | Noticed Natasha
  2966 | D:3      | Killed Natasha
  3055 | D:3      | Noticed Natasha
  3067 | D:3      | Killed Natasha
  3368 | D:4      | Reached XP level 7. HP: 32/43 MP: 7/10
  3441 | D:4      | Found a staircase to the Ecumenical Temple.
  3450 | Temple   | Entered the Ecumenical Temple
  3556 | Temple   | Became a worshipper of the Shining One
  3604 | D:4      | Reached skill level 5 in Ice Magic
  4180 | D:5      | Entered Level 5 of the Dungeon
  4328 | D:5      | Identified the +5 spear of Ancient Evil {heavy, rElec rC+++
                  | Will- Str-4}
  4449 | D:5      | HP: 1/51 [ogre/+0 giant club (15)]
  4454 | D:5      | Reached skill level 6 in Transmutations
  4702 | D:5      | Learned a level 3 spell: Lesser Beckoning
  5177 | D:6      | Reached XP level 8. HP: 48/48 MP: 5/11
  5594 | D:6      | Reached skill level 1 in Translocations
  5972 | D:6      | Reached skill level 7 in Transmutations
  6692 | D:7      | Identified the +2 cloak of Inevitability {Dex+2}
  6703 | D:7      | Noticed a shadow
  6703 | D:7      | Reached * piety under the Shining One
  6704 | D:7      | Noticed a wyvern
  6705 | D:7      | Noticed Sapher's ghost (novice DEEE)
  6761 | D:7      | Found a transporter.
  6768 | D:7      | Reached XP level 9. HP: 42/54 MP: 6/12
  6855 | D:7      | Found a transporter.
  7080 | D:7      | Found an iron altar of Okawaru.
  7237 | D:7      | Reached skill level 1 in Invocations
  7423 | D:8      | Noticed Amaemon
  7423 | D:8      | Noticed an orange demon
  7455 | D:8      | Killed Amaemon
  7456 | D:8      | Reached skill level 8 in Transmutations
  7457 | D:7      | HP: 2/67 [poisoned by an orange demon]
  7690 | D:8      | Found an ornate altar of the Wu Jian Council.
  7704 | D:8      | Slain by an orange demon

Illustrated notes

Levels and vault maps discovered:
D:1:      grunt_arrival_lava_bath, layout_rooms, corexii_hall_statues_i
D:2:      wad_river_or_something, layout_basic, uniq_robin
D:3:      layout_loops_cross, gup_sewer_entry_bubbles,
          nicolae_ecumenical_pavilion, uniq_natasha
D:4:      layout_cave_pools, minmay_temple_entry_waves
D:5:      layout_loops_ring
D:6:      layout_layer_cave
D:7:      layout_rooms, mainiacjoe_overflow_brackets, nzn_ghost_randoct,
          centaur_isle
D:8:      layout_basic, hangedman_feature_mirror, hangedman_minor_gate_pass,
          uniq_maurice, uniq_amaemon
Temple:   regret_index_temple_chain_breaker

Skill      XL: |  1  2  3  4  5  6  7  8  9 |
---------------+----------------------------+-----
Ice Magic      | 1 2 3 4 6 7 |  7.8
Transmutations | 3 4 5 6 7 8 |  8.0
Translocations | 1 2 |  2.9
Fighting       | 2 3 |  3.1
Dodging        | 3 |  3.7
Unarmed Combat | 4 |  4.4
Invocations    | 1 |  1.7
Spellcasting   | |  2.0

Action                   |  1- 3 |  4- 6 |  7- 9 || total
-------------------------+-------+-------+-------++-------
Melee: Unarmed           |    76 |   192 |   201 ||   469
       Constrict         |    26 |    41 |     7 ||    74
       Tentacles         |    17 |    32 |     7 ||    56
       Kick              |     8 |    14 |       ||    22
       Punch             |     2 |     5 |       ||     7
 Cast: Beastly Appendage |    10 |    10 |       ||    20
       Wereblood         |     1 |     1 |     1 ||     3
       Ice Form          |       |     7 |    22 ||    29
Invok: Divine Shield     |       |       |     2 ||     2
  Use: Potion            |       |     2 |     3 ||     5
       Scroll            |       |     6 |     3 ||     9
 Stab: Sleeping          |     6 |    13 |       ||    19
Armor: Skin              |     6 |    45 |    51 ||   102
Dodge: Dodged            |    52 |   124 |    95 ||   271
Block: Other             |       |       |    11 ||    11

Table legend: (Time is in decaauts)
 A = Elapsed time spent in this place.
 B = Non-inter-level travel time spent in this place.
 C = Inter-level travel time spent in this place.
 D = Time resting spent in this place.
 E = Time spent auto-exploring this place.
 F = Levels seen in this place.
 G = Mean time per level.
                   A        B        C        D        E       F      G
               +--------+--------+--------+--------+--------+-----+--------+
         Total |   7698 |   7469 |    229 |    769 |   5295 |  10 |  769.8 |
       Dungeon |   7348 |   7133 |    215 |    733 |   5083 |   8 |  918.5 |
        Temple |    121 |    107 |     14 |      0 |     86 |   1 |  121.0 |
         Sewer |    228 |    228 |      0 |     36 |    126 |   1 |  228.0 |
               +--------+--------+--------+--------+--------+-----+--------+

Top non-repeatable levels by time:
     D:6: 1558 daAuts
     D:3: 1278 daAuts
     D:2: 1116 daAuts
     D:7: 972 daAuts
     D:4: 828 daAuts
     D:5: 827 daAuts
     D:1: 728 daAuts
   Sewer: 228 daAuts
  Temple: 121 daAuts
     D:8: 39 daAuts
